 Dungeon Crawl Stone Soup version 0.22-a0-373-gab1296c (webtiles) character file.

63 Frostfox the Shield-Bearer (level 3, -2/36 HPs)
             Began as a Troll Fighter on Apr 25, 2018.
             Was an Initiate of Nemelex Xobeh.
             Slain by Sigmund
             ... wielding a +0 scythe
              (5 damage)
             ... on level 3 of the Dungeon.
             The game lasted 00:04:12 (441 turns).

Frostfox the Shield-Bearer (Troll Fighter)           Turns: 441, Time: 00:04:13

Health: -2/36      AC:  5    Str: 25    XL:     3   Next: 89%
Magic:  2/2        EV:  8    Int:  4    God:    Nemelex Xobeh [......]
Gold:   34         SH:  9    Dex:  9    Spells: 2/2 levels left

rFire    . . .     SeeInvis .     - Unarmed
rCold    . . .     Gourm    +   b - +0 shield
rNeg     . . .     Faith    .   a - +0 robe
rPois    .         Spirit   .   (helmet restricted)
rElec    .         Reflect  .   (no cloak)
rCorr    .         Harm     .   (gloves unavailable)
MR       .....                  (boots unavailable)
Stlth    +.........             (no amulet)
HPRegen  0.52/turn              (no ring)
MPRegen  0.08/turn              (no ring)

@: no status effects
A: large, unfitting armour, claws 3, fast metabolism 3, gourmand, regeneration
1, shaggy fur 1, tough skin 2
a: Renounce Religion


You were on level 3 of the Dungeon.
You worshipped Nemelex Xobeh.
Nemelex Xobeh was noncommittal.
You were not hungry.

You visited 1 branch of the dungeon, and saw 3 of its levels.

You collected 34 gold pieces.

Inventory:

Hand Weapons
 j - a +0 club
 k - a +0 club
 r - a +3 dagger of venom
 t - a +0 club
 u - a +0 hunting sling
Missiles
 g - 4 large rocks (quivered)
 m - 21 bolts
Armour
 a - a +0 robe (worn)
 b - a +0 shield (worn)
 f - a +0 leather armour
 n - a +0 robe
 s - a +0 robe
Scrolls
 e - 3 scrolls of teleportation {unknown}
 h - 2 scrolls of identify {unknown}
 i - a scroll of magic mapping {unknown}
 l - a scroll of immolation {unknown}
Potions
 c - a potion of might
Miscellaneous
 p - a plain deck of summoning {drawn: 2}
Comestibles
 d - 2 rations
 o - a chunk of flesh


   Skills:
 + Level 2.7 Fighting
 + Level 2.7 Dodging
 + Level 0.3 Stealth
 + Level 2.9 Shields
 + Level 2.8 Unarmed Combat


You had 2 spell levels left.
You didn't know any spells.

Dungeon Overview and Level Annotations

Branches:
Dungeon (3/15)

Altars:
Nemelex Xobeh
Zin

Annotations:
D:3 Sigmund


Innate Abilities, Weirdness & Mutations

You are too large for most types of armour.
You have claws for hands.
Your metabolism is lightning-fast.
You like to eat raw meat.
Your natural rate of healing is unusually fast.
You are covered in fur. (AC +1)
You have very tough skin. (AC +2)


Message History

Are you sure you want to stumble around while confused and next to your wyvern?
You're too confused to move!
Your wyvern bites the wyvern.
The wyvern bites you!
Are you sure you want to stumble around while confused and next to your wyvern?
You bump into the rock wall.
The wyvern closely misses you.
Your wyvern closely misses the wyvern.
Sigmund casts a spell.
Sigmund flickers and vanishes!
Deactivating autopickup; reactivate with Ctrl-A.
The wyvern bites you!
* * * LOW HITPOINT WARNING * * *
Are you sure you want to stumble around while confused and next to your wyvern?
Okay, then.
A wyvern is nearby!
Are you sure you want to stumble around while confused and next to your wyvern?
You miss your wyvern.
You feel less confused. Something hits you.
You die...
Your body disappears without a glow.

#######.#
#######@l{....#
#######.....ll#######
##.......###########
##........## #...#
##..........######...#
..>..................#
##..........#####....#
##..........# ##...#
............# #...#


You could see 2 wyverns and a friendly wyvern.

Vanquished Creatures
  Jessica (D:3)
  2 adders
  A worm (D:3)
  A leopard gecko (D:3)
  An orc (D:3)
  2 bats
  A goblin (D:3)
  2 hobgoblins (D:1)
  2 jackals (D:1)
  A frilled lizard (D:3)
  A rat (D:2)
15 creatures vanquished.

Notes
Turn   | Place    | Note
-------+----------+-------------------------------------------
     0 | D:1      | Frostfox the Troll Fighter began the quest for the Orb.
     0 | D:1      | Reached XP level 1. HP: 22/22 MP: 0/0
   200 | D:2      | Found a sparkling altar of Nemelex Xobeh.
   211 | D:2      | Found a glowing silver altar of Zin.
   215 | D:2      | Reached XP level 2. HP: 29/29 MP: 1/1
   223 | D:2      | Became a worshipper of Nemelex Xobeh the Trickster
   235 | D:3      | Received a gift from Nemelex Xobeh
   292 | D:3      | Noticed Jessica
   310 | D:3      | Killed Jessica
   310 | D:3      | Reached XP level 3. HP: 30/36 MP: 2/2
   424 | D:3      | Noticed Sigmund
   438 | D:3      | Noticed a wyvern
   441 | D:3      | Slain by Sigmund

Vault maps used:
D:1:      mushboom_english_gardens
D:2:      nicolae_gozag_zags_fifth_avenue, overflow_temple_1_default,
          grunt_temple_overflow_open, chequers_ecumenical_altar_simple,
          st_stairs_9
D:3:      lemuel_round_altar, trog_three_pillars_becter, uniq_ijyb,
          uniq_sigmund, uniq_jessica

Action                   || total
-------------------------++-------
Melee: Unarmed           ||    44
Evoke: Deck              ||     2
  Use: Potion            ||     1
  Eat: Chunk             ||     4
Armor: Robe              ||    20
Dodge: Dodged            ||    19
Block: Shield            ||    39

Table legend:
 A = Spawn XP
 B = Non-spawn XP
 C = Spawn XP percentage of total XP
 D = Spawn monster count
 E = Non-spawn monster count
 F = Spawn count percentage of total count
 G = Total turns spent on level
                    A         B        C        D         E        F      G
               +---------+---------+-------+---------+---------+-------+---------
         Total |       0 |      91 |   0.0 |       0 |      15 |   0.0 |   441
               +---------+---------+-------+---------+---------+-------+---------
           D:1 |       0 |      10 |   0.0 |       0 |       5 |   0.0 |   166
           D:2 |       0 |      14 |   0.0 |       0 |       2 |   0.0 |    69
           D:3 |       0 |      67 |   0.0 |       0 |       8 |   0.0 |   206
               +---------+---------+-------+---------+---------+-------+---------
